Map: Kairos Junction LE

Players

TheDoctor - Winner!

  • Race: Terran Terran
  • Spawn Location: 5:00

Mesrob

  • Race: Terran Terran
  • League: Platinum
  • Spawn Location: 11:00

VOD

Have the link to the VOD?

Description

Time

  • Played on: July 13, 2019, 1:30 p.m.
  • Length: 20:21
Show
View Real Time Build Order
Export as new Build Order

TheDoctor Terran - Winner!

Build Orders: Mech 

Get SALT Encoding   

  12  0:01  SCV  
  13  0:13  SCV  
  14  0:18  Supply Depot  
  14  0:25  SCV  
  15  0:39  SCV  
  15  0:41  Barracks  
  16  0:47  Refinery  
  16  0:54  SCV  
  17  1:06  SCV  
  18  1:18  SCV  
  19  1:29  Marine  
  19  1:31  Orbital Command  
  20  1:52  Factory  
  20  1:56  Command Center  
  20  1:58  SCV  
  21  2:15  Marine  
  22  2:16  Supply Depot  
  21  2:33  Marine  
  22  2:42  Factory Tech Lab  
  22  2:45  SCV  
  22  2:47  Refinery  
  23  2:52  Marine  
  23  2:54  Bunker  
  24  3:03  Siege Tank  
  24  3:04  SCV  
  28  3:12  Marine  
  29  3:19  SCV  
  30  3:26  Command Center  
  31  3:30  Marine, Orbital Command  
  31  3:40  Siege Tank  
  34  3:50  Engineering Bay, SCV  
  34  3:53  Marine  
  36  4:00  SCV  
  38  4:02  SCV  
  38  4:12  Siege Tank, SCV  
  38  4:17  Marine  
  42  4:20  SCV  
  44  4:28  Missile Turret  
  44  4:31  Missile Turret  
  44  4:35  SCV x2  
  46  4:41  Armory  
  47  4:46  Orbital Command  
  46  4:53  Siege Tank  
  49  5:00  Missile Turret  
  49  5:01  Marine  
  50  5:07  SCV  
  50  5:08  SCV  
  50  5:13  SCV  
  53  5:19  SCV  
  54  5:21  SCV  
  55  5:29  Factory x2  
  55  5:31  Terran Vehicle Weapons Level 1  
  55  5:40  Missile Turret  
  55  5:41  SCV x2  
  55  5:42  Orbital Command  
  57  6:06  Supply Depot  
  57  6:07  Supply Depot  
  57  6:15  Thor  
  63  6:21  Missile Turret  
  63  6:25  Factory Tech Lab, SCV x2  
  65  6:26  Factory Reactor  
  65  6:29  SCV  
  65  6:31  Supply Depot  
  65  6:32  Supply Depot  
  66  6:33  Marine  
  66  6:37  SCV x2  
  69  6:41  Missile Turret, SCV  
  70  6:49  SCV x2  
  70  6:53  SCV  
  73  6:55  Missile Turret  
  73  6:56  Refinery  
  73  7:02  Refinery, Missile Turret x2  
  73  7:03  Hellion, Missile Turret, Thor  
  73  7:04  Hellion  
  83  7:14  SCV x3  
  86  7:23  Missile Turret  
  86  7:29  SCV x2  
  88  7:30  Command Center  
  88  7:31  Hellion x2  
  92  7:41  SCV  
  92  7:42  SCV x2  
  75  8:02  SCV  
  75  8:03  SCV x2  
  71  8:12  Hellion x2, Thor x2  
  75  8:14  SCV  
  75  8:15  SCV x2  
  90  8:26  SCV  
  92  8:27  SCV  
  92  8:34  Command Center  
  92  8:40  SCV x2  
  92  8:41  SCV  
  95  8:45  Hellion x2  
  95  8:46  Command Center  
  99  8:57  Thor  
  99  8:58  Thor  
  99  9:01  Supply Depot  
  111  9:04  Supply Depot  
  111  9:05  Supply Depot  
  111  9:15  SCV x3  
  114  9:22  Terran Vehicle Weapons Level 2  
  114  9:27  SCV x2, Armory  
  116  9:33  SCV  
  116  9:35  Hellion x2  
  121  9:43  Command Center  
  121  9:45  Thor  
  127  9:53  Refinery  
  127  9:57  Refinery  
  127  10:01  SCV x3  
  127  10:02  Missile Turret x2  
  127  10:03  Missile Turret  
  130  10:09  Sensor Tower  
  130  10:16  Hellion x2  
  130  10:17  SCV x3  
  137  10:27  SCV  
  138  10:29  SCV x2  
  138  10:33  Terran Vehicle And Ship Armor Level 1  
  138  10:34  SCV  
  140  10:58  Supply Depot  
  140  11:02  Supply Depot  
  140  11:13  Refinery x2, SCV x2  
  140  11:15  Missile Turret  
  146  11:18  Hellion x2, Thor x2  
  146  11:19  Missile Turret x2  
  146  11:22  Missile Turret  
  146  11:23  Supply Depot  
  158  11:34  Planetary Fortress  
  158  11:36  Planetary Fortress  
  158  11:41  Terran Vehicle Weapons Level 3  
  158  11:45  Hellion x2  
  162  12:00  SCV x2  
  164  12:02  SCV  
  164  12:05  Thor x2  
  177  12:11  Factory  
  177  12:12  SCV  
  177  12:13  Factory  
  178  12:29  Planetary Fortress  
  178  12:38  Hellion x2  
  180  12:47  Thor  
  180  12:49  Factory  
  180  12:50  Factory  
  122  13:08  Hellion  
  122  13:09  Hellion, Thor  
  120  13:24  Factory Tech Lab x2  
  120  13:25  SCV  
  120  13:26  SCV  
  122  13:30  Thor  
  128  13:35  Factory  
  128  13:37  Factory  
  128  13:41  Hellion x2  
  132  13:45  Factory Tech Lab  
  132  13:51  Terran Vehicle And Ship Armor Level 2  
  132  14:17  Hellion x2, Thor  
  132  14:18  Hellion, Thor x4  
  168  14:26  Refinery, Missile Turret  
  168  14:27  Missile Turret  
  168  14:28  Refinery, Missile Turret  
  168  14:32  Missile Turret x2  
  168  14:33  Sensor Tower  
  168  14:35  Missile Turret  
  168  14:36  Missile Turret  
  168  14:37  Missile Turret  
  168  14:42  Starport  
  149  14:50  Starport  
  138  14:54  Missile Turret  
  128  15:01  Hellion x2  
  128  15:02  Thor x5  
  162  15:37  Starport Tech Lab x2  
  162  15:46  Starport  
  162  15:47  Missile Turret  
  162  15:49  Hellion, Factory Reactor  
  164  15:50  Missile Turret  
  164  15:51  Factory Reactor  
  164  15:52  Hellion x2, Missile Turret, Thor x4  
  186  16:02  Viking x2  
  172  16:15  Terran Ship Weapons Level 1, Terran Vehicle And Ship Armor Level 3  
  172  16:22  Hellion  
  172  16:23  Hellion x2, Starport  
  172  16:24  Thor  
  184  16:32  Viking  
  186  16:38  Hellion x3  
  186  16:39  Hellion  
  194  16:55  Command Center  
  194  16:59  Sensor Tower  
  190  17:30  Thor  
  151  17:47  Hellion x4  
  151  17:48  Thor x4  
  151  18:00  Hellion x2  
  151  18:01  Viking  
  151  18:02  Viking, Raven  
  149  18:14  Hellion  
  149  18:15  Thor  
  149  18:19  SCV x2  
  159  18:31  Viking, Thor  
  159  18:32  Viking  
  169  18:37  Hellion x4, Thor x2  
  189  18:45  Viking  
  191  19:08  Starport, Factory  
  191  19:10  Starport Reactor x2, Factory  
  149  19:39  Hellion x4  
  149  19:44  Command Center  
  175  20:00  Missile Turret  
  175  20:01  Missile Turret  
  175  20:04  Refinery x2  
  173  20:08  Missile Turret  
Show
View Real Time Build Order
Export as new Build Order

Mesrob Terran 

Build Orders: 2 Factory, Reaper Expand 

Get SALT Encoding   

  12  0:00  SCV  
  13  0:12  SCV  
  14  0:16  Supply Depot  
  14  0:24  SCV  
  15  0:38  SCV  
  16  0:50  Barracks  
  16  0:57  Refinery  
  16  0:59  SCV  
  17  1:11  SCV  
  18  1:24  SCV  
  19  1:41  Reaper  
  19  1:44  Refinery  
  20  1:48  Command Center  
  21  2:03  Orbital Command  
  20  2:15  Factory  
  20  2:24  Barracks Reactor  
  20  2:30  Supply Depot, SCV  
  21  2:42  SCV  
  21  2:54  SCV  
  21  2:56  Factory  
  22  3:00  Orbital Command  
  22  3:06  SCV  
  23  3:21  Engineering Bay  
  23  3:23  Hellion x2  
  23  3:26  SCV  
  28  3:28  SCV  
  29  3:38  SCV  
  30  3:41  Refinery  
  30  3:43  Factory Tech Lab  
  30  3:48  Armory  
  30  3:50  SCV  
  30  3:53  Hellion, Supply Depot  
  33  3:57  Hellion  
  33  4:02  SCV x2  
  37  4:07  Cyclone  
  40  4:16  SCV  
  41  4:18  SCV  
  42  4:27  Supply Depot  
  42  4:28  SCV  
  43  4:31  Supply Depot  
  43  4:32  SCV  
  44  4:39  Factory, Cyclone  
  44  4:41  SCV  
  44  4:42  Hellion  
  50  4:47  Hellion  
  50  4:51  Mag-Field Accelerator  
  52  4:57  Terran Vehicle Weapons Level 1  
  52  4:58  SCV  
  53  5:04  Refinery, SCV  
  54  5:09  Missile Turret  
  54  5:10  SCV  
  54  5:12  Missile Turret  
  55  5:16  Cyclone  
  60  5:21  Hellion  
  60  5:24  Hellion  
  60  5:27  Factory Tech Lab  
  62  5:31  Missile Turret  
  62  5:49  Cyclone  
  65  5:52  Missile Turret  
  65  5:56  Cyclone  
  68  5:58  Hellion  
  68  6:02  Supply Depot  
  69  6:11  Supply Depot  
  69  6:19  Supply Depot  
  69  6:21  Supply Depot, Armory  
  69  6:22  SCV  
  69  6:23  Hellion, SCV, Cyclone  
  76  6:33  Cyclone  
  76  6:34  SCV  
  80  6:41  Missile Turret  
  80  6:51  SCV  
  80  6:52  SCV  
  82  6:58  Cyclone  
  85  7:01  Command Center  
  85  7:02  Infernal Pre-Igniter  
  85  7:05  Terran Vehicle And Ship Armor Level 1  
  85  7:14  Terran Vehicle Weapons Level 2  
  85  7:19  Hellion x2  
  89  7:30  Cyclone  
  43  8:08  Cyclone x2  
  43  8:09  Hellion  
  43  8:10  Hellion  
  53  8:14  SCV x2  
  53  8:15  Orbital Command  
  55  8:26  SCV x2  
  57  8:33  Factory  
  57  8:36  Factory  
  57  8:38  Factory, SCV x2  
  57  8:40  Cyclone  
  57  8:41  Cyclone  
  65  8:46  Factory  
  65  8:53  Refinery, SCV  
  65  8:54  SCV x2  
  68  9:03  Hellion  
  68  9:04  Hellion  
  68  9:05  SCV  
  68  9:06  Refinery  
  68  9:07  SCV  
  74  9:12  SCV  
  74  9:13  Hellion, Cyclone  
  80  9:17  SCV  
  80  9:19  SCV  
  83  9:24  SCV  
  83  9:25  Hellion x2  
  83  9:29  SCV  
  88  9:31  Factory Tech Lab, SCV  
  88  9:32  Factory Reactor  
  88  9:34  Factory Tech Lab, Factory Reactor  
  88  9:36  SCV  
  90  9:47  Factory  
  90  10:00  Command Center  
  90  10:01  Cyclone x3  
  90  10:02  Cyclone  
  90  10:03  Hellion x2  
  106  10:11  Supply Depot  
  106  10:17  Supply Depot  
  106  10:23  Hellion x2  
  106  10:24  Hellion x3  
  116  10:33  Hellion, Cyclone x2  
  124  10:36  Supply Depot  
  124  10:40  Supply Depot  
  124  10:57  Cyclone x2  
  124  10:58  Hellion x3  
  124  11:02  Terran Vehicle And Ship Armor Level 2  
  124  11:03  Terran Vehicle Weapons Level 3  
  136  11:09  Factory Tech Lab  
  136  11:11  Supply Depot, Cyclone x2  
  142  11:13  Hellion  
  144  11:25  Planetary Fortress  
  144  11:29  SCV x3, Cyclone  
  150  11:35  Supply Depot  
  150  11:37  Refinery  
  150  11:38  Cyclone x2  
  158  11:40  Hellion  
  158  11:41  Hellion, SCV x2  
  158  11:42  Hellion, SCV  
  158  11:45  Hellion  
  167  11:47  Hellion  
  167  11:48  Hellion  
  167  11:53  SCV  
  172  11:57  SCV x2  
  172  11:59  Supply Depot  
  174  12:02  Hellion  
  174  12:03  Refinery, Cyclone  
  174  12:07  Command Center  
  179  12:13  Smart Servos  
  179  12:20  Cyclone  
  179  12:21  Hellion x2  
  179  12:22  SCV x2  
  188  12:23  Supply Depot  
  186  12:45  Cyclone x3  
  186  12:48  Supply Depot  
  170  12:56  Cyclone x2  
  170  12:57  Hellion x3  
  170  12:58  Hellion x3  
  128  13:17  Cyclone x3  
  128  13:19  Hellion  
  110  13:24  Hellion x5  
  117  13:28  Cyclone x2  
  123  13:39  SCV  
  123  13:40  Hellion, SCV  
  127  13:45  Planetary Fortress, Starport, Hellion x4  
  127  13:46  Hellion  
  127  13:47  Starport  
  137  13:48  Refinery  
  137  13:49  Cyclone x3  
  146  13:57  SCV  
  146  14:00  Cyclone  
  150  14:06  Terran Ship Weapons Level 1, Terran Vehicle And Ship Armor Level 3  
  150  14:10  Cyclone  
  150  14:11  Hellion  
  150  14:12  Hellion x2, Refinery  
  159  14:21  Cyclone x2  
  159  14:23  Starport  
  165  14:28  SCV  
  165  14:31  Cyclone  
  169  14:32  Hellion x2, Cyclone  
  176  14:42  Liberator, Cyclone  
  139  14:53  Cyclone  
  139  14:55  Hellion x2  
  139  14:56  Hellion x4  
  139  14:59  Starport Reactor  
  118  15:12  Starport Reactor  
  118  15:23  Hellion x5  
  118  15:24  Hellion x2  
  118  15:25  Liberator, Cyclone x3  
  118  15:26  Cyclone  
  144  15:45  Cyclone  
  135  15:57  Cyclone x2  
  135  15:58  Command Center, Cyclone x2  
  138  16:11  Liberator x3  
  138  16:17  Siege Tank  
  141  16:21  Liberator  
  141  16:22  SCV  
  142  16:28  Starport Tech Lab  
  142  16:29  Siege Tank  
  154  16:34  Siege Tank, Cyclone x2  
  154  16:35  Hellion  
  154  16:36  Hellion x5  
  178  16:49  Siege Tank  
  181  16:54  Liberator x2  
  181  16:59  Raven  
  183  17:01  Cyclone  
  183  17:06  Cyclone x2  
  88  18:07  Liberator  
  88  18:08  Liberator  
  82  18:16  Thor x5  
  82  18:18  Hellion x2  
  82  18:19  Hellbat x4  
  130  18:27  Fusion Core  
  130  18:40  Hellbat x4  
  130  18:41  Planetary Fortress  
  138  18:42  Command Center  
  138  18:58  Thor x2  
  150  19:10  Command Center  
  91  19:43  Hellbat  
Tags
 
Composition
Mech
League
Platinum
Matchup
TvT
Race
Terran
Replay Pack
sc2 replays
Spawn Locations
Cross Positions
Add a new tag
Caveats
  • Supply blocks, unpowered buildings, or Contaminate may cause inaccurate times.
  • Supply counts are checked every 10 seconds.